 Dungeon Crawl Stone Soup version 0.21.1-1-g345015f (webtiles) character file.

22 Iko the Sneak (level 2, -8/26 HPs)
             Began as a Gnoll Assassin on June 2, 2018.
             Was an Initiate of Fedhas.
             Splashed by Pikel's acid (14 damage)
             ... on level 4 of the Dungeon.
             The game lasted 00:06:16 (648 turns).

Iko the Sneak (Gnoll Assassin)                       Turns: 648, Time: 00:06:18

Health: -8/26      AC:  6    Str: 13    XL:     2   Next: 91%
Magic:  2/2        EV: 11    Int: 13    God:    Fedhas [......]
Gold:   43         SH:  0    Dex: 16    Spells: 2/2 levels left

rFire    . . .     SeeInvis .   b - +1 blowgun
rCold    . . .     Gourm    .   (no shield)
rNeg     + . .     Faith    .   a - +0 ring mail
rPois    .         Spirit   .   (no helmet)
rElec    .         Reflect  .   d - +0 cloak
rCorr    .         Harm     .   (no gloves)
MR       .....                  (no boots)
Stlth    +++.......             (no amulet)
HPRegen  0.08/turn              i - ring of positive energy
MPRegen  0.08/turn              (no ring)

@: no status effects
A: distributed training, fangs 1, strong nose
a: Fungal Bloom, Renounce Religion


You were on level 4 of the Dungeon.
You worshipped Fedhas.
Fedhas was noncommittal.
You were not hungry.

You visited 1 branch of the dungeon, and saw 4 of its levels.

You collected 43 gold pieces.

Inventory:

Hand Weapons
 b - a +1 blowgun (weapon)
 j - a +0 trident
Missiles
 e - 5 poisoned needles (quivered)
 f - 2 curare-tipped needles
 h - 4 needles of sleeping
Armour
 a - a +0 ring mail (worn)
 d - a +0 cloak (worn)
Jewellery
 i - a ring of positive energy (left hand)
Comestibles
 g - 4 rations


   Skills:
 + Level 4.5 Fighting
 + Level 4.5 Short Blades
 + Level 0.5 Long Blades
 + Level 0.5 Axes
 + Level 0.5 Maces & Flails
 + Level 0.5 Polearms
 + Level 0.5 Staves
 + Level 0.5 Slings
 + Level 0.5 Bows
 + Level 0.5 Crossbows
 + Level 4.5 Throwing
 + Level 0.5 Armour
 + Level 2.5 Dodging
 + Level 7.7 Stealth
 + Level 0.5 Shields
 + Level 0.5 Unarmed Combat
 + Level 0.5 Spellcasting
 + Level 0.4 Conjurations
 + Level 0.4 Hexes
 + Level 0.4 Charms
 + Level 0.4 Summonings
 + Level 0.4 Necromancy
 + Level 0.4 Translocations
 + Level 0.4 Transmutations
 + Level 0.4 Fire Magic
 + Level 0.4 Ice Magic
 + Level 0.4 Air Magic
 + Level 0.4 Earth Magic
 + Level 0.4 Poison Magic
 + Level 0.7 Invocations
 + Level 0.5 Evocations


You had 2 spell levels left.
You didn't know any spells.

Dungeon Overview and Level Annotations

Branches:
Dungeon (4/15)
 Temple: D:4-7

Altars:
Fedhas

Annotations:
D:4 Pikel


Innate Abilities, Weirdness & Mutations

Your experience applies equally to all skills.
You have very sharp teeth.
Your uncanny sense of smell can sniff out nearby items.


Message History

You kill the leopard gecko!
b - a +1 blowgun (weapon)
Things that are here:
15 bolts; a leopard gecko corpse
e - 3 poisoned needles (gained 1)
e - 4 poisoned needles (gained 1)
e - 5 poisoned needles (gained 1)
You enter a teleport trap!
The teleport trap disappears.
Your surroundings suddenly seem different. 4 slaves and Pikel come into view.
Pikel is wielding a whip of flaming.
Found three items.
Found a stone staircase leading down.
Pikel shouts!
The slave shouts!
You see here 8 gold pieces.
Pikel zaps a wand.
The bolt of acid hits you!
Ouch! That really hurt!
* * * LOW HITPOINT WARNING * * *
You are splashed with acid!
The acid burns!
Ouch! That really hurt!
You die...
Fedhas appreciates your contribution to the ecosystem.

########
#..?...#
#...$..#
#...@..#
#...........
+..>p.......
#..p..p###..
#...p.K# .
..?....#
###+#####


You could see Pikel and 4 slaves.

Vanquished Creatures
  A worm (D:2)
  A dart slug (D:2)
  2 leopard geckos
  A bat (D:1)
  3 goblins
  A hobgoblin (D:1)
  3 kobolds
  2 frilled lizards
  A rat (D:2)
15 creatures vanquished.

Notes
Turn   | Place    | Note
-------+----------+-------------------------------------------
     0 | D:1      | Iko the Gnoll Assassin began the quest for the Orb.
     0 | D:1      | Reached XP level 1. HP: 20/20 MP: 1/1
   191 | D:1      | Reached XP level 2. HP: 26/26 MP: 2/2
   294 | D:2      | Found a blossoming altar of Fedhas.
   353 | D:2      | Became a worshipper of Fedhas Madash
   646 | D:4      | Noticed Pikel
   646 | D:4      | Noticed a slave
   646 | D:4      | Noticed a slave
   646 | D:4      | Noticed a slave
   646 | D:4      | Noticed a slave
   648 | D:4      | Splashed by Pikel's acid

Action                   || total
-------------------------++-------
Melee: Short sword       ||     1
       Trident           ||     1
 Fire: Blowgun           ||    57
  Use: Scroll            ||     6
       Potion            ||     2
Armor: Leather armour    ||     6
Dodge: Dodged            ||    10
